BSA
GREENVILLE 84S @ POCATELLO BELLAS
08/12/2029
 
TOP OF THE 1ST
Greenville 84s batting - Pitching for Pocatello Bellas : RHP Kevin Bush
Pitching: RHP Kevin Bush
Batting: RHB Carlos Torres 0-0: Foul Ball, location: 2F
0-1: Swinging Strike
0-2: Strikes out swinging
Batting: LHB Paco Rosas 0-0: Ball
1-0: Called Strike
1-1: Foul Ball, location: 2F
1-2: Ball
2-2: Foul Ball, location: 2F
2-2: Foul Ball, location: 2F
2-2: Foul Ball, location: 2F
2-2: Ground out 6-3 (Groundball, 6M)
Batting: RHB Enzo Díaz 0-0: Ball
1-0: Ball
2-0: Foul Ball, location: 2F
2-1: Called Strike
2-2: Ball
3-2: Foul Ball, location: 2F
3-2: Foul Ball, location: 2F
3-2: Foul Ball, location: 2F
3-2: Fly out, F8 (Flyball, 8RXD)
Top of the 1st over - 0 runs, 0 hits, 0 errors, 0 left on base; Greenville 0 - Pocatello 0
BOTTOM OF THE 1ST
Pocatello Bellas batting - Pitching for Greenville 84s : RHP Tomás González
Pitching: RHP Tomás González
Batting: LHB Héctor Rentería 0-0: Called Strike
0-1: Ball
1-1: Fly out, F7 (Line Drive, 7)
Batting: LHB Keng-chi Lao 0-0: Foul Ball, location: 2F
0-1: Ball
1-1: Fly out, F9 (Line Drive, 9D)
Batting: LHB John Peterson 0-0: Fly out, F8 (Flyball, 8RM)
Bottom of the 1st over - 0 runs, 0 hits, 0 errors, 0 left on base; Greenville 0 - Pocatello 0
TOP OF THE 2ND
Greenville 84s batting - Pitching for Pocatello Bellas : RHP Kevin Bush
Batting: LHB Juan Cortés 0-0: Called Strike
0-1: Foul Ball, location: 2F
0-2: Fly out, F8 (Line Drive, 8RM)
Batting: LHB Brock Larsen 0-0: Ball
1-0: Ball
2-0: Foul Ball, location: 2F
2-1: Foul Ball, location: 2F
2-2: Ball
3-2: Ground out 1-3 (Groundball, P)
Batting: LHB Jimmy Vickers 0-0: Called Strike
0-1: Foul Ball, location: 2F
0-2: Ball
1-2: Foul Ball, location: 2F
1-2: Strikes out swinging
Top of the 2nd over - 0 runs, 0 hits, 0 errors, 0 left on base; Greenville 0 - Pocatello 0
BOTTOM OF THE 2ND
Pocatello Bellas batting - Pitching for Greenville 84s : RHP Tomás González
Batting: SHB Nick Cox 0-0: Ball
1-0: Foul Ball, location: 2F
1-1: SINGLE (Groundball, 6S) (infield hit)
Batting: RHB Tomás Carranza 0-0: Ball
1-0: Fielders Choice at 2nd, 3-6 (Groundball, 34)
Batting: RHB Millard Boyd 0-0: Ball
1-0: Ball
2-0: Called Strike
Tomás Carranza steals 2nd base
2-1: Foul Ball, location: 2F
2-2: Ball
3-2: Foul Ball, location: 2F
3-2: Fly out, F7 (Flyball, 7S)
Batting: RHB Germán Rosales 0-0: Swinging Strike
0-1: Called Strike
0-2: Foul Ball, location: 2F
0-2: Ball
1-2: Ball
2-2: Ball
3-2: Base on Balls
Batting: RHB José Delgado 0-0: Foul Ball, location: 2F
0-1: Ball
1-1: Fly out, F8 (Flyball, 8RS)
Bottom of the 2nd over - 0 runs, 1 hit, 0 errors, 2 left on base; Greenville 0 - Pocatello 0
TOP OF THE 3RD
Greenville 84s batting - Pitching for Pocatello Bellas : RHP Kevin Bush
Batting: RHB Robert Buckley 0-0: Called Strike
0-1: Swinging Strike
0-2: Ball
1-2: Fly out, F7 (Flyball, 7LS)
Batting: LHB Chris Moore 0-0: Ball
1-0: Called Strike
1-1: Called Strike
1-2: Foul Ball, location: 2F
1-2: Foul Ball, location: 2F
1-2: Foul Ball, location: 2F
1-2: Ball
2-2: SINGLE (Groundball, 34D)
Batting: RHB Ramiro Chávez 0-0: Ball
1-0: Foul Ball, location: 2F
1-1: Ball
2-1: SINGLE (Flyball, 8RS)
Chris Moore to second
Runner from 2nd tries for 3rd, SAFE, no throw
Batting: RHB Carlos Torres 0-0: Called Strike
Ramiro Chávez steals 2nd base
0-1: Called Strike
0-2: Ball
Wild Pitch!
Chris Moore scores
Ramiro Chávez to third
1-2: Ball
2-2: Foul Ball, location: 2F
2-2: Ground out U3 (Groundball, 34S)
Ramiro Chávez scores
Batting: LHB Paco Rosas 0-0: Ball
1-0: Ball
2-0: Foul Ball, location: 2F
2-1: Foul Ball, location: 2F
2-2: Ball
3-2: Strikes out swinging
Top of the 3rd over - 2 runs, 2 hits, 0 errors, 0 left on base; Greenville 2 - Pocatello 0
BOTTOM OF THE 3RD
Pocatello Bellas batting - Pitching for Greenville 84s : RHP Tomás González
Batting: RHB Morgan Gibbon 0-0: Swinging Strike
0-1: Ball
1-1: Foul Ball, location: 2F
1-2: Ball
2-2: Foul Ball, location: 2F
2-2: Ball
3-2: Fly out, F8 (Flyball, 8RD)
Batting: LHB Héctor Rentería 0-0: Ball
1-0: Swinging Strike
1-1: SINGLE (Line Drive, 34)
Batting: LHB Keng-chi Lao 0-0: SINGLE (Line Drive, 34D)
Héctor Rentería to second
Batting: LHB John Peterson 0-0: Grounds into double play, 5-4-3 (Groundball, 5)
Bottom of the 3rd over - 0 runs, 2 hits, 0 errors, 1 left on base; Greenville 2 - Pocatello 0
TOP OF THE 4TH
Greenville 84s batting - Pitching for Pocatello Bellas : RHP Kevin Bush
Batting: RHB Enzo Díaz 0-0: Ball
1-0: Called Strike
1-1: Fly out, F3 (Popup, 3F)
Batting: LHB Juan Cortés 0-0: Ball
1-0: DOUBLE (Flyball, 8RXD)
Batting: LHB Brock Larsen 0-0: Ball
1-0: Ball
2-0: Swinging Strike
2-1: Foul Ball, location: 2F
2-2: Strikes out swinging
Batting: LHB Jimmy Vickers 0-0: Foul Ball, location: 2F
0-1: SINGLE (Groundball, 56D)
Juan Cortés to third
Runner from 3rd tries for Home, throw and OUT!
Top of the 4th over - 0 runs, 2 hits, 0 errors, 1 left on base; Greenville 2 - Pocatello 0
BOTTOM OF THE 4TH
Pocatello Bellas batting - Pitching for Greenville 84s : RHP Tomás González
Batting: SHB Nick Cox 0-0: Ball
1-0: Swinging Strike
1-1: Foul Ball, location: 2F
1-2: Ball
2-2: Ball
3-2: Strikes out swinging
Batting: RHB Tomás Carranza 0-0: Ball
1-0: Ball
2-0: Foul Ball, location: 2F
2-1: Ball
3-1: Fly out, F7 (Line Drive, 78D)
Batting: RHB Millard Boyd 0-0: Ball
1-0: Ball
2-0: Ball
3-0: Called Strike
3-1: Swinging Strike
3-2: Base on Balls
Batting: RHB Germán Rosales 0-0: Ball
1-0: Fielders Choice at 2nd, 5-4 (Groundball, 56)
Bottom of the 4th over - 0 runs, 0 hits, 0 errors, 1 left on base; Greenville 2 - Pocatello 0
TOP OF THE 5TH
Greenville 84s batting - Pitching for Pocatello Bellas : RHP Kevin Bush
Batting: RHB Robert Buckley 0-0: Called Strike
0-1: Ball
1-1: SOLO HOME RUN (Flyball, 8LD), Distance : 460 ft
Batting: LHB Chris Moore 0-0: Fly out, F9 (Flyball, 9LM)
Batting: RHB Ramiro Chávez 0-0: Called Strike
0-1: Ball
1-1: Swinging Strike
1-2: Ball
2-2: Strikes out swinging
Batting: RHB Carlos Torres 0-0: Foul Ball, location: 2F
0-1: Foul Ball, location: 2F
0-2: Ground out 6-3 (Groundball, 6)
Top of the 5th over - 1 run, 1 hit, 0 errors, 0 left on base; Greenville 3 - Pocatello 0
BOTTOM OF THE 5TH
Pocatello Bellas batting - Pitching for Greenville 84s : RHP Tomás González
Batting: RHB José Delgado 0-0: Swinging Strike
0-1: SINGLE (Flyball, 8RS)
Batting: RHB Morgan Gibbon 0-0: Called Strike
0-1: Foul Ball, location: 2F
0-2: Ball
1-2: Fly out, F8 (Flyball, 8RM)
Batting: LHB Héctor Rentería 0-0: Ball
1-0: Ground out 4-3 (Groundball, 34)
José Delgado to second
Batting: LHB Keng-chi Lao 0-0: Foul Ball, location: 2F
0-1: Swinging Strike
0-2: Ball
1-2: Fly out, F6 (Flyball, 6D)
Bottom of the 5th over - 0 runs, 1 hit, 0 errors, 1 left on base; Greenville 3 - Pocatello 0
TOP OF THE 6TH
Greenville 84s batting - Pitching for Pocatello Bellas : RHP Kevin Bush
Batting: LHB Paco Rosas 0-0: Ball
1-0: Ball
2-0: Called Strike
2-1: Foul Ball, location: 2F
2-2: Ball
3-2: Fly out, F4 (Line Drive, 4M)
Batting: RHB Enzo Díaz 0-0: Called Strike
0-1: Called Strike
0-2: Ball
1-2: Foul Ball, location: 2F
1-2: SINGLE (Line Drive, 6)
Batting: LHB Juan Cortés 0-0: Ball
1-0: Called Strike
1-1: Foul Ball, location: 2F
1-2: Ball
2-2: Fielders Choice at 2nd, 6-4 (Groundball, 6)
Batting: LHB Brock Larsen 0-0: Called Strike
0-1: DOUBLE (Flyball, 78XD)
Juan Cortés to third
Batting: LHB Jimmy Vickers 0-0: Called Strike
0-1: Ball
1-1: Foul Ball, location: 2F
1-2: Ball
2-2: Ball
3-2: Ground out 4-3 (Groundball, 4)
Top of the 6th over - 0 runs, 2 hits, 0 errors, 2 left on base; Greenville 3 - Pocatello 0
BOTTOM OF THE 6TH
Pocatello Bellas batting - Pitching for Greenville 84s : RHP Tomás González
Batting: LHB John Peterson 0-0: Ball
1-0: Called Strike
1-1: Ball
2-1: SINGLE (Flyball, 8RS)
Batting: SHB Nick Cox 0-0: Ball
1-0: Ball
2-0: Called Strike
2-1: Fly out, F9 (Flyball, 9LM)
Batting: RHB Tomás Carranza 0-0: Swinging Strike
0-1: Ball
1-1: Ground out 5-3 (Groundball, 5)
John Peterson to second
Batting: RHB Millard Boyd Pickoff Throw to Second - Error! E1
John Peterson to third
0-0: Ball
1-0: Called Strike
1-1: Called Strike
1-2: Ball
2-2: Fly out, F8 (Flyball, 78XD)
Bottom of the 6th over - 0 runs, 1 hit, 1 error, 1 left on base; Greenville 3 - Pocatello 0
TOP OF THE 7TH
Greenville 84s batting - Pitching for Pocatello Bellas : RHP Kevin Bush
Pitching: LHP Gerald Johnson
Batting: RHB Robert Buckley 0-0: Swinging Strike
0-1: Foul Ball, location: 2F
0-2: Strikes out swinging
Batting: LHB Chris Moore 0-0: Ball
1-0: Ball
2-0: Ball
3-0: Called Strike
3-1: Base on Balls
Batting: RHB Ramiro Chávez 0-0: Ball
1-0: Called Strike
1-1: Grounds into double play, 6-4-3 (Groundball, 6)
Top of the 7th over - 0 runs, 0 hits, 0 errors, 0 left on base; Greenville 3 - Pocatello 0
BOTTOM OF THE 7TH
Pocatello Bellas batting - Pitching for Greenville 84s : RHP Tomás González
Pitching: RHP David Bishop
Batting: RHB Germán Rosales 0-0: Ball
1-0: Ball
2-0: Fly out, F3 (Popup, 3S)
Batting: RHB José Delgado 0-0: Ball
1-0: SINGLE (Groundball, 56D)
Batting: RHB Morgan Gibbon 0-0: Ground out 4-3 (Groundball, 34)
José Delgado to second
Pitching: LHP Sam Kettley
Batting: LHB Héctor Rentería 0-0: Called Strike
0-1: SINGLE (Groundball, 34D)
José Delgado to third
Runner from 3rd tries for Home, SAFE, no throw
Batting: LHB Keng-chi Lao 0-0: Called Strike
0-1: Fly out, F5 (Popup, 6S)
Bottom of the 7th over - 1 run, 2 hits, 0 errors, 1 left on base; Greenville 3 - Pocatello 1
TOP OF THE 8TH
Greenville 84s batting - Pitching for Pocatello Bellas : LHP Gerald Johnson
Batting: RHB Carlos Torres 0-0: Called Strike
0-1: Ball
1-1: Foul Ball, location: 2F
1-2: Ball
2-2: Ball
3-2: Foul Ball, location: 2F
3-2: Base on Balls
Batting: LHB Paco Rosas 0-0: Ball
1-0: Ball
2-0: Called Strike
2-1: Ball
3-1: Foul Ball, location: 2F
3-2: Fly out, F5 (Line Drive, 56S)
Batting: RHB Enzo Díaz 0-0: Ball
1-0: Swinging Strike
1-1: SINGLE (Line Drive, 89S)
Carlos Torres to second
Batting: LHB Juan Cortés 0-0: Foul Ball, location: 2F
0-1: Ball
1-1: Ball
2-1: Foul Ball, location: 2F
2-2: Foul Ball, location: 2F
2-2: Strikes out swinging
Batting: LHB Brock Larsen 0-0: Called Strike
0-1: Ball
1-1: Swinging Strike
1-2: Ball
2-2: Strikes out swinging
Top of the 8th over - 0 runs, 1 hit, 0 errors, 2 left on base; Greenville 3 - Pocatello 1
BOTTOM OF THE 8TH
Pocatello Bellas batting - Pitching for Greenville 84s : LHP Sam Kettley
Batting: LHB John Peterson 0-0: Ball
1-0: Swinging Strike
1-1: Called Strike
1-2: Foul Ball, location: 2F
1-2: Ball
2-2: Foul Ball, location: 2F
2-2: Ball
3-2: TRIPLE (Flyball, 89XD)
Pitching: LHP Júlio Gracía
Batting: SHB Nick Cox 0-0: Called Strike
0-1: Called Strike
0-2: SINGLE (Groundball, 6MD)
John Peterson scores
Batting: RHB Tomás Carranza 0-0: Called Strike
0-1: Ball
1-1: Swinging Strike
1-2: Fielders Choice at 2nd, 4-6 (Groundball, 4M)
Batting: RHB Millard Boyd 0-0: Ball
1-0: Called Strike
1-1: Ball
2-1: Foul Ball, location: 2F
2-2: Strikes out swinging
Batting: RHB Germán Rosales 0-0: Ball
1-0: Swinging Strike
1-1: Ball
2-1: Foul Ball, location: 2F
2-2: Strikes out swinging
Bottom of the 8th over - 1 run, 2 hits, 0 errors, 1 left on base; Greenville 3 - Pocatello 2
TOP OF THE 9TH
Greenville 84s batting - Pitching for Pocatello Bellas : LHP Gerald Johnson
Batting: LHB Jimmy Vickers 0-0: Ground out U3 (Groundball, 34)
Batting: RHB Robert Buckley 0-0: Ball
1-0: Ball
2-0: Foul Ball, location: 2F
2-1: Ball
3-1: Ground out 6-3 (Groundball, 6)
Pitching: RHP Jaime Espinoza
Batting: LHB Chris Moore 0-0: Called Strike
0-1: Foul Ball, location: 2F
0-2: Strikes out looking
Top of the 9th over - 0 runs, 0 hits, 0 errors, 0 left on base; Greenville 3 - Pocatello 2
BOTTOM OF THE 9TH
Pocatello Bellas batting - Pitching for Greenville 84s : LHP Júlio Gracía
Batting: RHB José Delgado 0-0: Called Strike
0-1: Ground out 5-3 (Groundball, 56)
Batting: RHB Morgan Gibbon 0-0: Ball
1-0: Called Strike
1-1: Foul Ball, location: 2F
1-2: Fly out, F8 (Flyball, 8RXD)
Batting: LHB Héctor Rentería 0-0: Called Strike
0-1: Ball
1-1: Foul Ball, location: 2F
1-2: Ball
2-2: Foul Ball, location: 2F
2-2: Ball
3-2: SINGLE (Flyball, 9S)
Pinch Hitting: RHB R.J. Parker 0-0: Swinging Strike
0-1: Called Strike
0-2: Ball
1-2: Ball
2-2: Foul Ball, location: 2F
2-2: Ball
3-2: 2-RUN HOME RUN (Flyball, 7LD), Distance : 348 ft
Saturday, December 16th, 2017 - OOTP Baseball 18.8 Build 76